 Dungeon Crawl Stone Soup version 0.30-a0-329-g85436e0a43 (webtiles) character file.

Game seed: 12590468195821479305

7 porpoise the Charlatan (level 1, 0/16 HPs)
             Began as a Demonspawn Artificer on Oct 29, 2022.
             Constricted to death by a ball python (1 damage)
             ... on level 1 of the Dungeon.
             The game lasted 00:01:47 (279 turns).

porpoise the Charlatan (Demonspawn Artificer)        Turns: 279, Time: 00:01:47

Health: 0/16       AC:  3    Str: 12    XL:     1   Next: 83%
Magic:  1/1        EV:  8    Int: 12    God:
Gold:   3          SH:  0    Dex: 13    Spells: 0/0 levels left

rFire   . . .      SeeInvis .    a - +0 short sword
rCold   . . .      Faith    .    (no shield)
rNeg    . . .      Spirit   .    b - +0 leather armour
rPois   .          Reflect  .    (no helmet)
rElec   .          Harm     .    (no cloak)
rCorr   .          Rampage  .    (no gloves)
Will    .....                    (no boots)
Stlth   +.........               (no amulet)
HPRegen 0.22/turn                (no ring)
MPRegen 0.07/turn                (no ring)

@: constricted
A: no striking features
a: no special abilities


You were on level 1 of the Dungeon.
You visited 1 branch of the dungeon, and saw 1 of its levels.

You collected 3 gold pieces.

Inventory:

Hand Weapons
 a - a +0 short sword (weapon)
 g - a +0 mace
Armour
 b - a +0 leather armour (worn)
Wands
 c - a wand of flame (15) (quivered)
 d - a wand of charming (15)
 e - a wand of iceblast (5)
Scrolls
 f - 2 scrolls of butterflies {unknown}
Potions
 i - a potion of degeneration {unknown}


   Skills:
 * Level 1.7 Fighting
 - Level 1.7 Armour
 - Level 0.8 Dodging
 - Level 0.8 Stealth
 + Level 3.1 Evocations


You couldn't memorise any spells.
You didn't know any spells.
Your spell library was empty.

Dungeon Overview and Level Annotations

Branches:
Dungeon (1/15)

Altars:


Message History

You kill the rat!
You start resting.
HP restored.
An endoplasm comes into view.
A hobgoblin comes into view.
Found 8 stones.
You closely miss the hobgoblin.
You hear an angry hiss.
A ball python comes into view.
The hobgoblin barely misses you.
You hit the ball python.
You kill the ball python!
The hobgoblin closely misses you.
You hit the hobgoblin.
The hobgoblin is heavily wounded.
The hobgoblin hits you.
You barely miss the hobgoblin.
The hobgoblin is heavily wounded.
The hobgoblin hits you.
You closely miss the hobgoblin.
The hobgoblin is heavily wounded.
The hobgoblin hits you. The endoplasm freezes you.
You are frozen.
You hit the hobgoblin.
The hobgoblin is severely wounded.
The endoplasm freezes you.
You are frozen.
The hobgoblin closely misses you. The hobgoblin attacks as you move away!
The hobgoblin hits you.
* * * LOW HITPOINT WARNING * * *
A ball python comes into view.
The hobgoblin attacks as you move away! The hobgoblin misses you.
The ball python barely misses you. The ball python grabs you.
The ball python constricts you.
* * * LOW HITPOINT WARNING * * *
It was a potion of cancellation.
You feel magically purged.
The hobgoblin hits you but does no damage.
The ball python bites you.
* * * LOW HITPOINT WARNING * * *
The ball python constricts you.
You die...

##.###.## #.......##### #.#
##.# #.#.######## ##.###.##
#.##.......##
######.#.########.##.#####...
......[.........#.##.#####..#
...###.##....†..#.......##..#
....#.##.#####.####.##......
.........#####.## #........#
..#.#.#..Jg@....# ########.#
.......#.##S#..# #..
........#!.#.. ..# ###
....##..# ##(#..# # ### #..#
#.... #... ##.# #..# # ... ..


You could see an endoplasm, a hobgoblin and a ball python.

Vanquished Creatures
  An endoplasm (D:1)
  A giant cockroach (D:1)
  A kobold (D:1)
  2 ball pythons (D:1)
  2 rats (D:1)
7 creatures vanquished.

Notes
Turn   | Place    | Note
-------+----------+-------------------------------------------
     0 | D:1      | porpoise the Demonspawn Artificer began the quest for the
                  | Orb.
     0 | D:1      | Reached XP level 1. HP: 15/15 MP: 1/1
     0 | D:1      | Noticed a green draconian
     3 | D:1      | Noticed a large abomination
     3 | D:1      | Noticed a shadow dragon
     6 | D:1      | Noticed an iron dragon
     7 | D:1      | Noticed an iron dragon
     8 | D:1      | Noticed an orb of fire
    11 | D:1      | Noticed a tentacled monstrosity
    11 | D:1      | Noticed an orb of fire
    13 | D:1      | Noticed a large abomination
    13 | D:1      | Noticed a shadow dragon
    15 | D:1      | Noticed an orb of fire
    17 | D:1      | Noticed a large abomination
    19 | D:1      | Noticed a large abomination
    19 | D:1      | Noticed an iron dragon
   279 | D:1      | Constricted to death by a ball python

Illustrated notes

Levels and vault maps discovered:
D:1:      shiori_arrival_whats_in_store_for_you, layout_loops_cross,
          minmay_small_reverse_x

Action                   || total
-------------------------++-------
Melee: Short sword       ||    29
       Mace              ||     3
  Use: Potion            ||     1
 Stab: Sleeping          ||     1
Armor: Leather armour    ||     7
Dodge: Dodged            ||    15

Table legend: (Time is in decaauts)
 A = Elapsed time spent in this place.
 B = Non-inter-level travel time spent in this place.
 C = Inter-level travel time spent in this place.
 D = Time resting spent in this place.
 E = Time spent auto-exploring this place.
 F = Levels seen in this place.
 G = Mean time per level.
                   A        B        C        D        E       F      G
               +--------+--------+--------+--------+--------+-----+--------+
         Total |    279 |    279 |      0 |     33 |    148 |   1 |  279.0 |
       Dungeon |    279 |    279 |      0 |     33 |    148 |   1 |  279.0 |
               +--------+--------+--------+--------+--------+-----+--------+

Top non-repeatable levels by time:
     D:1: 279 daAuts
